 Dungeon Crawl Stone Soup version 0.30-a0-34-gbe8da3892a (webtiles) character file.

Game seed: 4879323306719791422

4909 ytrimaz the Transmogrifier (level 10, -1/69 HPs)
             Began as an Octopode Transmuter on Aug 27, 2022.
             Slain by a wolf (9 damage)
             ... on level 8 of the Dungeon.
             The game lasted 00:15:02 (10821 turns).

ytrimaz the Transmogrifier (Octopode Transmuter)   Turns: 10821, Time: 00:15:03

Health: -1/69      AC: 14    Str:  8    XL:     10   Next: 51%
Magic:  15/23      EV: 10    Int: 25    God:
Gold:   364        SH:  0    Dex: 17    Spells: 17/27 levels left

rFire   x . .      SeeInvis .      - Unarmed
rCold   + + +      Faith    .    (shield currently unavailable)
rNeg    . . .      Spirit   .    (helmet currently unavailable)
rPois   +          Reflect  .    (no amulet)
rElec   .          Harm     .    c - +6 ring of intelligence
rCorr   .          Rampage  .    o - +4 ring of protection
Will    .....                    (no ring)
Stlth   ++........               (no ring)
HPRegen 0.21/turn                (no ring)
MPRegen 0.18/turn                (no ring)
                                 (no ring)
                                 (no ring)

@: about to teleport, ice-form, wereblooded
A: freezing attack, boosted hp, almost no armour, amphibious, 8 rings, large,
(camouflage 1), (gelatinous body 1), (nimble swimmer 1), (tentacles), agile 1
a: End Transformation


You were on level 8 of the Dungeon.
You were a creature of crystalline ice.
You visited 2 branches of the dungeon, and saw 9 of its levels.

You collected 364 gold pieces.

Inventory:

Missiles
 e - 4 throwing nets
Jewellery
 c - a +6 ring of intelligence (left front paw)
 o - a +4 ring of protection (right front paw)
Wands
 a - a wand of acid (8)
 j - a wand of roots (11)
Scrolls
 b - a scroll of teleportation
 f - 3 scrolls of brand weapon
 i - a scroll of amnesia
 l - 3 scrolls of enchant weapon
 n - a scroll of magic mapping
 q - a scroll of immolation
Potions
 d - a potion of cancellation
 g - a potion of mutation
 h - 4 potions of attraction
 k - a potion of resistance


   Skills:
 - Level 1.0 Fighting
 - Level 2.0 Dodging
 + Level 4.3 Unarmed Combat
 + Level 9.0 Spellcasting
 + Level 9.5 Transmutations
 - Level 5.4 Ice Magic
 - Level 4.0 Poison Magic


You had 17 spell levels left.
You knew the following spells:

 Your Spells              Type           Power      Damage    Failure   Level
a - Beastly Appendage     Tmut           100%       N/A       1%          1
b - Wereblood             Tmut           56%        N/A       1%          2
c - Spider Form           Tmut/Pois      45%        N/A       1%          3
d - Ice Form              Ice/Tmut       48%        N/A       2%          4

Your spell library contained the following spells:

 Spells                   Type           Power      Damage    Failure   Level
 Sublimation of Blood     Necr           11%        N/A       9%          2
 Inner Flame              Hex/Fire       11%        N/A       16%         3
 Hailstorm                Conj/Ice       24%        3d7       19%         4
 Animate Dead             Necr           11%        N/A       47%         4
 Cause Fear               Hex            5%         N/A       47%         4
 Borgnjor's Vile Clutch   Necr/Erth      5%         N/A       83%         5
 Simulacrum               Ice/Necr       12%        N/A       95%         6
 Death Channel            Necr           5%         N/A       100%        6
 Summon Hydra             Summ           5%         N/A       100%        7
 Discord                  Hex            5%         N/A       100%        8


Dungeon Overview and Level Annotations

Branches:
Dungeon (8/15)             Temple (1/1) D:4
   Lair: D:8-11

Altars:
Cheibriados
Dithmenos
Gozag
Hepliaklqana
Kikubaaqudgha
Makhleb
Nemelex Xobeh
Okawaru
Qazlal
Ru
Sif Muna
Trog
Uskayaw
Vehumet
Wu Jian
Xom
Yredelemnul
Zin
The Shining One


Innate Abilities, Weirdness & Mutations

You are a creature of crystalline ice.
You have a powerful freezing melee attack.
Your maximum health is increased.
Your armour is entirely melded.
You are incapable of wielding weapons or throwing items.
You cannot wear most types of armour.
You are amphibious.
You can wear up to eight rings at the same time.
((Your skin changes colour to match your surroundings (Stealth+).))
((Your rubbery body absorbs attacks. (AC +1, EV +1)))
((You are camouflaged when in or above water. (Stealth+)))
((You have tentacles for arms and can constrict up to eight enemies at once.))
You are agile. (Dex +4, Str/Int -1)


Message History

You hit the troll. You freeze the troll.
You kill the troll!
Your Spellcasting skill increases to level 9!
You see here a troll corpse.
Unknown command.
You start resting.
An orc comes into view. It is wielding a +0 mace.
An orc priest comes into view. It is wielding a +0 short sword.
A wolf comes into view.
There are monsters nearby!
The wolf howls!
The orc priest shouts!
The orc shouts!
You hear a howl!
The wolf bites you but does no damage.
You see here a troll corpse.
Casting: Ice Form (dangerous; 2% risk of failure)
Confirm with . or Enter, or press ? or * to list all spells.
You extend your transformation's duration.
The wolf bites you but does no damage. The wolf bites you!
The wolf bites you but does no damage.
Casting: Ice Form (dangerous; 2% risk of failure)
Confirm with . or Enter, or press ? or * to list all spells.
Your blood is infused with primal strength.
The wolf bites you.
The orc priest invokes the aid of Beogh against you.
Beogh smites you!
You hear a shout!
You hear a howl!
You punch the wolf! You freeze the wolf.
The wolf is severely wounded.
The wolf bites you!
* * * LOW HITPOINT WARNING * * *
The wolf closely misses you.
An orc comes into view. It is wielding a +0 short sword.
The orc priest invokes the aid of Beogh against you.
Beogh smites you!
* * * LOW HITPOINT WARNING * * *
Okay, then.
As you read the scroll of teleportation, it crumbles to dust.
You feel strangely unstable. The wolf closely misses you.
A wolf comes into view.
The wolf bites you!
You die...

### #.. #... # #...#####
..+...+...#
.......o#.#################
...~..h..o.ohY.....#......#
.~~≈....#.#####.......##.##
~≈≈≈~.....# #.......##.#
≈≈≈~~~....# ###.......##.#
≈≈~....o#.# #.....8...##.#
≈~~~~~...># #.#.......##.#
........### #.........##.#
~~~~~~..# #.#.......##.#
~≈~≈≈~..# #.####.#..##.#


You could see 2 wolves, an orc priest and 2 orcs.

Vanquished Creatures
  Erica (D:8)
  Maggie (D:6)
  A troll (D:8)
  Grinder (D:5)
  Sigmund (D:5)
  A yak (D:7)
  2 steam dragons
  Menkaure (D:5)
  Edmund (D:6)
  4 ice beasts
  An orc warrior (D:6)
  2 sky beasts (D:6)
  3 black bears
  2 ogres
  A centaur (D:5)
  A kobold brigand (D:5)
  A necrophage (D:4)
  4 scorpions (D:5)
  2 bullfrogs
  2 gnoll sergeants
  4 killer bees (D:4)
  A gnoll bouda (D:7)
  3 orc priests
  3 hounds
  4 iguanas
  9 orc wizards
  13 gnolls
  10 adders
  A shadow imp (D:4)
  5 white imps
  A howler monkey simulacrum (D:8)
  2 ufetubi (D:4)
  A worm (D:2)
  2 dart slugs
  23 orcs
  4 bats
  9 endoplasms
  3 giant cockroaches
  8 goblins
  2 hobgoblins
  9 kobolds
  6 quokkas
  7 ball pythons
  3 frilled lizards
  3 rats
169 creatures vanquished.

Vanquished Creatures (others)
  An ufetubus (D:8)
  2 plants (D:1)
3 creatures vanquished.

Grand Total: 172 creatures vanquished

Notes
Turn   | Place    | Note
-------+----------+-------------------------------------------
     0 | D:1      | ytrimaz the Octopode Transmuter began the quest for the
                  | Orb.
     0 | D:1      | Reached XP level 1. HP: 13/13 MP: 3/3
   198 | D:1      | Reached XP level 2. HP: 5/18 MP: 5/5
   967 | D:1      | Reached XP level 3. HP: 23/23 MP: 6/6
  1283 | D:2      | Learned a level 2 spell: Wereblood
  1293 | D:2      | Learned a level 3 spell: Spider Form
  1792 | D:2      | Reached skill level 1 in Poison Magic
  1792 | D:2      | Reached XP level 4. HP: 24/28 MP: 5/7
  2583 | D:3      | Found a shimmering altar of Xom.
  2946 | D:3      | Reached XP level 5. HP: 33/33 MP: 0/9
  3289 | D:3      | Found a glowing golden altar of the Shining One.
  3644 | D:4      | Found a staircase to the Ecumenical Temple.
  3672 | D:4      | Reached XP level 6. HP: 31/38 MP: 6/10
  3677 | Temple   | Entered the Ecumenical Temple
  3677 | Temple   | Found a transporter.
  3677 | Temple   | Found a transporter.
  3727 | Temple   | Found a transporter.
  3727 | Temple   | Found a transporter.
  4277 | D:4      | Learned a level 4 spell: Ice Form
  4296 | D:4      | HP: 2/57 [killer bee (5)]
  4297 | D:4      | Gained mutation: You are agile. (Dex +4, Str/Int -1)
                  | [potion of mutation]
  4315 | D:4      | Reached XP level 7. HP: 43/43 MP: 12/12
  4486 | D:4      | Found a shadowy altar of Dithmenos.
  4816 | D:5      | Entered Level 5 of the Dungeon
  4970 | D:5      | Noticed Menkaure
  4987 | D:5      | Killed Menkaure
  4988 | D:5      | Reached skill level 5 in Transmutations
  5099 | D:5      | Reached skill level 5 in Spellcasting
  5222 | D:5      | Reached XP level 8. HP: 39/48 MP: 11/15
  5561 | D:5      | Noticed Grinder
  5608 | D:5      | Killed Grinder
  6020 | D:5      | Reached skill level 1 in Ice Magic
  6037 | D:5      | Noticed Sigmund
  6147 | D:5      | Killed Sigmund
  6342 | D:5      | Reached XP level 9. HP: 49/53 MP: 15/19
  7093 | D:6      | Noticed Maggie
  7115 | D:6      | Killed Maggie
  7280 | D:6      | Noticed Edmund
  7345 | D:6      | Killed Edmund
  8467 | D:6      | Found a burning altar of Makhleb.
  8506 | D:6      | Found a snail-covered altar of Cheibriados.
  8514 | D:6      | Found a radiant altar of Vehumet.
  9304 | D:7      | Reached XP level 10. HP: 58/58 MP: 15/22
 10161 | D:7      | Reached skill level 5 in Ice Magic
 10408 | D:8      | Noticed Erica
 10436 | D:8      | Killed Erica
 10821 | D:8      | Slain by a wolf

Illustrated notes

Levels and vault maps discovered:
D:1:      erik_arrival_triangle_medium, layout_rooms, serial_bayou,
          serial_bayou_lagoon_a, serial_bayou_pond_e, serial_bayou_pond_a,
          serial_bayou_crossing
D:2:      layout_loops_ring
D:3:      layout_basic, mainiacjoe_overflow_alcove_2, tso_oasis_becter
D:4:      layout_rooms, kennysheep_little_box, minmay_temple_entry_waves
D:5:      layout_layer_cave, nicolae_eternal_life, uniq_menkaure, uniq_grinder,
          uniq_sigmund
D:6:      layout_basic, minmay_overflow_temple_star_quad,
          nicolae_elevator_lobby_plus, uniq_edmund, uniq_maggie
D:7:      layout_loops_ring, nrook_mini_backslash, st_stairs_5,
          grunt_ministairs_13, minmay_small_thing
D:8:      layout_basic, erik_lair_island, serial_ice, serial_ice_m,
          serial_ice_k, serial_ice_f, serial_ice_h, uniq_erica
Temple:   hellmonk_temple_divided_pantheon

Skill      XL: |  1  2  3  4  5  6  7  8  9 10 |
---------------+-------------------------------+-----
Unarmed Combat | 4 |  4.3
Poison Magic   | 1 2 3 4 |  4.0
Spellcasting   | 3 5 6 8 9 |  9.0
Transmutations | 3 4 5 7 8 9 |  9.5
Ice Magic      | 2 4 5 |  5.4
Fighting       | |  1.0
Dodging        | |  2.0

Action                   |  1- 3 |  4- 6 |  7- 9 | 10-12 || total
-------------------------+-------+-------+-------+-------++-------
Melee: Unarmed           |    76 |   125 |   272 |   115 ||   588
       Constrict         |    23 |    16 |     4 |       ||    43
       Tentacles         |    13 |     5 |     2 |       ||    20
       Kick              |    15 |    16 |     5 |       ||    36
       Punch             |     1 |     1 |       |       ||     2
 Cast: Beastly Appendage |    18 |    22 |     3 |       ||    43
       Spider Form       |       |     7 |    18 |     5 ||    30
       Wereblood         |       |     2 |     3 |     5 ||    10
       Ice Form          |       |     1 |    16 |     6 ||    23
 Abil: End Transformatio |       |       |     1 |       ||     1
Evoke: Wand              |       |       |     1 |       ||     1
  Use: Scroll            |     6 |     3 |     4 |     2 ||    15
       Potion            |       |     8 |     6 |     2 ||    16
 Stab: Sleeping          |     7 |     4 |     3 |     1 ||    15
       Invisible         |       |       |     1 |     3 ||     4
Armor: Skin              |    12 |    43 |    73 |    61 ||   189
Dodge: Dodged            |    43 |    79 |   153 |    69 ||   344

Table legend: (Time is in decaauts)
 A = Elapsed time spent in this place.
 B = Non-inter-level travel time spent in this place.
 C = Inter-level travel time spent in this place.
 D = Time resting spent in this place.
 E = Time spent auto-exploring this place.
 F = Levels seen in this place.
 G = Mean time per level.
                   A        B        C        D        E       F      G
               +--------+--------+--------+--------+--------+-----+--------+
         Total |  10753 |  10527 |    226 |    780 |   8081 |   9 | 1194.8 |
       Dungeon |  10668 |  10459 |    209 |    780 |   8026 |   8 | 1333.5 |
        Temple |     84 |     67 |     17 |      0 |     55 |   1 |   84.0 |
               +--------+--------+--------+--------+--------+-----+--------+

Top non-repeatable levels by time:
     D:5: 2147 daAuts
     D:6: 1703 daAuts
     D:7: 1686 daAuts
     D:2: 1321 daAuts
     D:4: 1289 daAuts
     D:1: 1115 daAuts
     D:3: 989 daAuts
     D:8: 415 daAuts
  Temple: 84 daAuts
